 Adventure DCSS version bcrawl-1.27.3 (webtiles) character file.

Game seed: 9712970987989324429

126466 galech the Shield-Bearer (level 3, 29/29 HPs)
             Began as a Demonspawn Fighter on Aug 5, 2020.
             Quit the game on level 2 of the Dungeon.
             The game lasted 00:01:53 (1373 turns).

galech the Shield-Bearer (Demonspawn Fighter)       Turns: 1373, Time: 00:01:53

Health: 29/29      AC:  8    Str: 16    XL:     3   Next: 69%
Magic:  3/3        EV:  6    Int:  9    God:
Gold:   77         SH:  9    Dex: 14    Spells: 2/2 levels left
                                        Lives:  1   Deaths: 1

rFire    . . .     SeeInvis .   a - +0 war axe
rCold    . . .     Gourm    .   c - +0 medium shield
rNeg     . . .     Faith    .   f - +3 ring mail
rPois    .         Spirit   .   (helmet restricted)
rElec    .         Reflect  .   (no cloak)
rCorr    .         Harm     .   (no gloves)
MR       +....                  (no boots)
Stlth    +.........             (no amulet)
HPRegen  0.09/turn              p - ring of protection from magic
MPRegen  0.08/turn              (no ring)

@: no status effects
A: antennae 2
a: no special abilities


You were on level 2 of the Dungeon.
You were not hungry.

You visited 1 branch of the dungeon, and saw 2 of its levels.

You collected 77 gold pieces.

Inventory:

Hand Weapons
 a - a +0 war axe (weapon)
Armour
 b - a +0 scale mail
 c - a +0 medium shield (worn)
 f - a +3 ring mail (worn)
 s - a cursed -1 ring mail
Jewellery
 p - a ring of protection from magic (left hand)
Scrolls
 g - 2 scrolls of magic mapping {unknown}
 h - a scroll of teleportation {unknown}
 l - a scroll of immolation {unknown}
 n - 2 scrolls of amnesia {unknown}
 o - a scroll of identify
Potions
 j - a potion of invisibility {unknown}
 k - a potion of haste
 m - a potion of flight {unknown}
 q - a potion of magic {unknown}
Comestibles
 e - 5 rations {!d}


   Skills:
 + Level 3.2 Fighting
 + Level 3.3 Axes
 + Level 3.1 Armour
 + Level 0.1 Dodging
 + Level 0.1 Stealth
 + Level 3.5 Shields


You had 2 spell levels left.
You didn't know any spells.
Your spell library was empty.

Dungeon Overview and Level Annotations

Branches:
Dungeon (2/12)

Altars:

Annotations:
D:2 Sigmund


Innate Abilities, Weirdness & Mutations

You have a pair of antennae on your head.


Message History

Something hits you.
You see here a +0 club.
Your shield and ring mail prevent you from hitting something.
You hear some strange, mumbled words.
Something tries to affect you, but you resist.
Your shield and ring mail prevent you from hitting something.
Something hits you but does no damage.
You miss something. Something hits you.
You miss something. Something hits you!
* * * LOW HITPOINT WARNING * * *
Your shield prevents you from hitting something.
Something hits you.
* * * LOW HITPOINT WARNING * * *
You slice something!! Something hits you but does no damage.
You feel better. Something hits you!
You die...
Xom reaches out...
You are now level 3!
You rejoin the land of the living...
Are you sure you want to abandon this character and quit the game? (Confirm with "yes".)

#. #.
##. ##
..###.
#..#.
(.. #.#
#@#
#.....#
#..####
#. ..
##


There were no monsters in sight!

Vanquished Creatures
  Jessica (D:2)
  Terence (D:2)
  A worker ant (D:2)
  A howler monkey skeleton (D:2)
  A leopard gecko (D:1)
  2 orcs (D:2)
  2 ball pythons
  A giant cockroach (D:1)
  2 goblins (D:1)
  6 hobgoblins
  3 jackals (D:1)
  2 quokkas (D:2)
  3 bats
  A frilled lizard (D:1)
  A kobold (D:1)
  3 rats
31 creatures vanquished.

Notes
Turn   | Place    | Note
-------+----------+-------------------------------------------
     0 | D:1      | galech the Demonspawn Fighter began the quest for the Orb.
     0 | D:1      | Reached XP level 1. HP: 18/18 MP: 1/1
   142 | D:1      | Gained mutation: You have a pair of small antennae on your
                  | head. [demonic ancestry]
   142 | D:1      | Reached XP level 2. HP: 24/24 MP: 2/2
   907 | D:2      | Noticed Terence
   920 | D:2      | Killed Terence
   920 | D:2      | Reached XP level 3. HP: 22/29 MP: 3/3
  1213 | D:2      | Gained mutation: You have a pair of antennae on your head.
                  | [demonic ancestry]
  1213 | D:2      | Reached XP level 4. HP: 24/35 MP: 4/4
  1340 | D:2      | Noticed Jessica
  1344 | D:2      | Killed Jessica
  1357 | D:2      | Noticed Sigmund
  1370 | D:2      | HP: 1/35 [something (5)]
  1372 | D:2      | Slain by Sigmund
  1373 | D:2      | Reached XP level 3. HP: 0/29 MP: 3/3
  1373 | D:2      | Quit the game

Skill      XL: |  1  2  3 |
---------------+----------+-----
Shields        | 3 |  3.5
Armour         | 3 |  3.1
Axes           | 2 3 |  3.3
Fighting       | |  3.2
Dodging        | |  0.1
Stealth        | |  0.1

Action                   |  1- 3 |  4- 6 || total
-------------------------+-------+-------++-------
Melee: War axe           |   105 |    14 ||   119
  Use: Potion            |     2 |     2 ||     4
  Eat: Chunk             |     5 |     1 ||     6
Armor: Scale mail        |    11 |       ||    11
       Ring mail         |    51 |     7 ||    58
Dodge: Dodged            |    24 |       ||    24
Block: Medium shield     |    46 |     3 ||    49
